 Dungeon Crawl Stone Soup version 0.23.2-1-ga50397a6bc (webtiles) character file.

Game seed: 4730569194718846378

77 Jaijje the Poker (level 4, -4/27 HPs)
             Began as a Tengu Skald on May 18, 2019.
             Slain by Sigmund
             ... wielding a +0 scythe
              (12 damage)
             ... on level 2 of the Dungeon.
             The game lasted 00:02:30 (1158 turns).

Jaijje the Poker (Tengu Skald)                      Turns: 1158, Time: 00:02:30

Health: -4/27      AC:  3    Str: 12    XL:     4   Next: 33%
Magic:  7/8        EV: 12    Int: 14    God:
Gold:   90         SH:  0    Dex: 13    Spells: 6/7 levels left

rFire    . . .     SeeInvis .   a - +0 spear
rCold    . . .     Gourm    .   (no shield)
rNeg     . . .     Faith    .   b - +0 leather armour
rPois    .         Spirit   .   (helmet restricted)
rElec    .         Reflect  .   (no cloak)
rCorr    .         Harm     .   (no gloves)
MR       .....                  (boots unavailable)
Stlth    +.........             (no amulet)
HPRegen  0.09/turn              (no ring)
MPRegen  0.11/turn              (no ring)

@: infused
A: beak, talons 3
a: no special abilities


You were on level 2 of the Dungeon.
You were hungry.

You visited 1 branch of the dungeon, and saw 2 of its levels.

You collected 90 gold pieces.

Inventory:

Hand Weapons
 a - a +0 spear (weapon)
Armour
 b - a +0 leather armour (worn)
Scrolls
 c - a scroll of identify {unknown}
 e - a scroll of teleportation {unknown}
 g - a scroll of blinking {unknown}
Potions
 f - a potion of berserk rage {unknown}
Comestibles
 d - a ration


   Skills:
 + Level 2.6 Fighting
 + Level 3.1 Polearms
 + Level 1.8 Armour
 + Level 2.7 Dodging
 + Level 0.4 Stealth
 + Level 2.1 Spellcasting
 + Level 2.7 Charms


You had 6 spell levels left.
You knew the following spells:

 Your Spells              Type           Power        Failure   Level  Hunger
a - Infusion              Chrm           #...         10%         1    ##.....

Your spell library contained the following spells:

 Spells                   Type           Power        Failure   Level  Hunger
 Song of Slaying          Chrm           #.......     14%         2    ###....
 Shroud of Golubria       Chrm/Tloc      #.........   26%         2    ###....
 Regeneration             Chrm/Necr      #.........   45%         3    ####...
 Spectral Weapon          Hex/Chrm       #.......     45%         3    ####...


Dungeon Overview and Level Annotations

Branches:
Dungeon (2/15)

Altars:

Annotations:
D:2 Sigmund


Innate Abilities, Weirdness & Mutations

You have a beak for a mouth.
You have claws for feet.


Message History

Press: ? - help, Dir - move target cursor, f/p - Sigmund
Aim: Sigmund, wielding a +0 scythe and wearing a +0 robe (moderately wounded)
You reach to attack!
You hit Sigmund.
Sigmund is moderately wounded.
Attack whom?
Press: ? - help, Dir - move target cursor, f/p - Sigmund
Aim: Sigmund, wielding a +0 scythe and wearing a +0 robe (moderately wounded)
You reach to attack!
You hit Sigmund.
Sigmund is heavily wounded.
Sigmund gestures wildly while chanting.
Sigmund flickers and vanishes!
Deactivating autopickup; reactivate with Ctrl-A.
No target in view!
Casting: Infusion (safe; 10% risk of failure)
Confirm with . or Enter, or press ? or * to list all spells.
You begin infusing your attacks with magical energy.
Something hits you!
* * * LOW HITPOINT WARNING * * *
Something hits you!
You die...

..### ....#
....# ....#
....# ....#
###....###
#.@{......
#.########
#.# #.# #.#
#.#####
#.....####+##
###.........#
#.........#


There were no monsters in sight!

Vanquished Creatures
  Natasha (D:2)
  2 oozes (D:1)
  A dart slug (D:1)
  4 leopard geckos (D:1)
  A ball python (D:2)
  6 bats
  A giant cockroach (D:1)
  2 goblins (D:1)
  4 hobgoblins
  6 jackals (D:1)
  A frilled lizard (D:1)
  4 kobolds (D:1)
  2 rats (D:1)
35 creatures vanquished.

Notes
Turn   | Place    | Note
-------+----------+-------------------------------------------
     0 | D:1      | Jaijje the Tengu Skald began the quest for the Orb.
     0 | D:1      | Reached XP level 1. HP: 12/12 MP: 4/4
    75 | D:1      | Reached XP level 2. HP: 17/17 MP: 6/6
   588 | D:1      | Reached XP level 3. HP: 16/22 MP: 7/7
   966 | D:2      | Noticed Natasha
   973 | D:2      | Killed Natasha
   973 | D:2      | Reached skill level 3 in Polearms
   973 | D:2      | Reached XP level 4. HP: 11/27 MP: 8/8
  1150 | D:2      | Noticed Sigmund
  1158 | D:2      | Slain by Sigmund

Skill      XL: |  1  2  3 |
---------------+----------+-----
Polearms       | 3 |  3.1
Fighting       | |  2.6
Armour         | |  1.8
Dodging        | |  2.7
Stealth        | |  0.4
Spellcasting   | |  2.1
Charms         | |  2.7

Action                   |  1- 3 |  4- 6 || total
-------------------------+-------+-------++-------
Melee: Spear             |   107 |     6 ||   113
       Kick              |    26 |       ||    26
       Peck              |    11 |       ||    11
 Cast: Infusion          |       |     1 ||     1
  Use: Potion            |     2 |       ||     2
 Stab: Invisible         |     2 |       ||     2
       Sleeping          |     1 |       ||     1
Armor: Leather armour    |    22 |       ||    22
Dodge: Dodged            |    59 |       ||    59
